AoeStats
← 根本赢不了

African Clearing

510335473Analyzed
4v4 RM · 13h ago on Sep 30, 2026· 50m 49s· 8 players
Game mode
Random Map
Map size
Large (8 player)
Population
200
Speed
Normal
Resources
Standard
Victory
Conquest
Starting age
Dark Age
Ending age
Imperial Age
RankedLock teamsTeams togetherTeam positionsShared explorationLock speedFull tech treeHidden civsTurbo modeCheats
Victory
Defeat
🇨🇳 Berbers · China
1280
+12
🇭🇰 Koreans · Hong Kong SAR China
1228
+14
🇹🇼 Varangians · Taiwan
1197
+16
🇹🇷 Hindustanis · Türkiye
1197
+15
🇨🇳 Burgundians · China
1215
-15
🇹🇼 Koreans · Taiwan
1197
-15
🇨🇳 Danes · China
1195
-33
🇨🇳 Burgundians · China
1127
-12
根本赢不了
14:53 Feudal Age
14:43 Loom
15:43 Double-Bit Axe
18:31 Castle Age
16:43 Horse Collar
17:08 Scale Mail Armor
18:10 Forging
19:39 Bow Saw
25:32 Squires
25:38 Arson
26:55 Chain Mail Armor
34:40 Gold Mining
35:38 Iron Casting
35:15 Heavy Plow
36:17 Stone Mining
37:02 Gold Shaft Mining
41:08 Imperial Age
39:47 Wheelbarrow
38:57 Town Watch
40:08 Gambesons
41:17 Elite Varangian Guard
42:33 Plate Mail Armor
44:43 Hand Cart
48:18 Blast Furnace
47:55 Fletching
50:34 Conscription
110
3:49 Loom
15:04 Feudal Age
13:48 Double-Bit Axe
14:21 Horse Collar
21:01 Castle Age
19:26 Gold Mining
20:10 Heavy Plow
20:09 Stone Mining
20:40 Town Watch
21:17 Forging
21:58 Husbandry
21:19 Cavalier
26:20 Wheelbarrow
26:57 Fervor
27:46 Scale Barding Armor
29:21 Chain Barding Armor
30:02 Gold Shaft Mining
31:43 Iron Casting
37:57 Imperial Age
35:40 Murder Holes
35:56 Fortified Wall
36:26 Fletching
36:37 Scale Mail Armor
36:37 Padded Archer Armor
37:05 Pikeman
37:46 Squires
38:10 Bodkin Arrow
39:03 Conscription
39:39 Elite Coustillier
40:36 Bracer
40:42 Paladin
43:29 Chain Mail Armor
44:21 Stone Shaft Mining
高大爷
13:41 Feudal Age
12:16 Double-Bit Axe
13:14 Loom
16:12 Forging
21:37 Castle Age
22:15 Scale Barding Armor
NaCl
12:13 Feudal Age
10:31 Loom
13:35 Wheelbarrow
12:47 Town Watch
15:34 Forging
15:16 Fletching
23:14 Castle Age
27:52 Wheelbarrow
31:24 Double-Bit Axe
41:54 Scale Mail Armor
43:10 Chain Mail Armor
43:56 Squires
44:55 Forging
49:04 Bow Saw
開機中
5:26 Loom
14:20 Feudal Age
15:25 Double-Bit Axe
18:47 Castle Age
17:13 Forging
17:08 Scale Barding Armor
18:31 Stone Mining
21:15 Bow Saw
21:35 Pikeman
24:40 Horse Collar
30:34 Wheelbarrow
30:49 Heavy Plow
42:13 Hand Cart
45:18 Stone Shaft Mining
45:53 Gold Mining
49:52 Imperial Age
50:09 Elite Jarl
51:10 Conscription
cheung1993
6:56 Loom
14:43 Feudal Age
16:55 Fletching
20:53 Castle Age
19:35 Fletching
23:54 Bodkin Arrow
34:03 Horse Collar
34:46 Double-Bit Axe
36:05 Bow Saw
37:49 Gold Mining
37:49 Stone Mining
39:18 Ballistics
39:04 Husbandry
40:15 Gold Shaft Mining
40:18 Wheelbarrow
39:28 Town Watch
39:50 Heavy Plow
40:02 Stone Mining
46:02 Imperial Age
43:49 Hand Cart
43:34 Town Patrol
45:28 Scale Barding Armor
45:33 Forging
44:50 Light Cavalry
46:15 Murder Holes
46:32 Masonry
46:48 Bracer
47:51 Chemistry
47:18 Conscription
47:30 Chain Barding Armor
47:46 Iron Casting
46:48 Elite War Wagon
48:18 Conscription
1s3m
3:07 Loom
12:50 Feudal Age
20:48 Castle Age
18:42 Double-Bit Axe
22:39 Fletching
23:59 Wheelbarrow
27:21 Horse Collar
28:55 Grand Trunk Road
33:21 Imperial Age
31:40 Bodkin Arrow
35:02 Chemistry
34:24 Ballistics
34:13 Thumb Ring
34:13 Bracer
34:13 Padded Archer Armor
35:03 Heavy Plow
35:13 Gold Mining
39:37 Conscription
39:51 Bow Saw
40:40 Heavy Camel Rider
41:20 Husbandry
41:31 Bloodlines
42:35 Imperial Camel Rider
Minneapolis
6:57 Loom
13:56 Feudal Age
17:52 Castle Age
16:04 Double-Bit Axe
17:47 Bloodlines
19:42 Scale Barding Armor
28:17 Bow Saw
29:45 Chain Barding Armor
30:21 Horse Collar
31:59 Horse Collar
34:07 Wheelbarrow
33:48 Husbandry
34:57 Forging
35:06 Gold Mining
40:41 Imperial Age
38:55 Gold Shaft Mining
39:08 Hand Cart
39:23 Heavy Plow
40:13 Ballistics
40:31 Iron Casting
39:44 Town Watch
40:37 Treadmill Crane
40:52 Stone Mining
40:46 Cavalier
42:07 Plate Barding Armor
42:32 Blast Furnace
41:56 Conscription
43:37 Chemistry
44:47 Stone Shaft Mining
44:29 Heavy Camel Rider
47:22 Siege Engineers
47:23 Fletching
47:34 Padded Archer Armor
49:59 Bodkin Arrow
50:20 Leather Archer Armor
50:38 Coinage
Connection lost

Rejoining the realm…

Still unreachable

The connection could not be restored.

Session expired

The server has moved on; the page needs a fresh start.